Unix NetHack Version 3.7.0-80 Work-in-progress - last build Apr 4 2023 12:38:21 (790859391a0ee7bd3181b412646ad1b7e633ff00,branch:master). Game began 2023-04-05 08:40:55, ended 2023-12-09 14:52:20. jannis, chaotic male elven Wizard ---------- ------- ------ ----- |........----.....----- |(((.|------ ---- |...| +..{...|......--...|..-- ---...- |(((.-.|...| -------..-- |...| |.....--------|....|...|--- -...... - |((%.|.|...| |.........-----|| |-|--.| ------|........|..--.........---------.--%-| --..............| |...|.| |(@(.|-...|...-|.......G...|.........%..)).----....{.....----- |...|.| |(m(@-...-|....|-..........|-..-----|---|-..%............-..| -------.| |((i.|-...---..|.....|....-|..... |..|..|--..|.........-|..| |.......| ------|....|...|..--.|...---..|.. |..|..|-...|-...---.------ --------- -....------|.|-......-- -------....---- --|--- ......--|..|.|---...... |...|......|.| |....| ...{...||..|.| -----.. ....---....|.-- |%%%%| .......-|..-.|-- - .......%...|..| ------ ........----.|..| -.....|....|..----- ..-|---..%...|..| --...----. |....|.---- |..-------.)..| --..| |.........|-- |....-- ------ |..| ----.....-|.-- |....>| |..|---------.|....|..-- ------- |..--.........|---.[...| --.......------ ---..<| --------- ----- Jannis the Thaumaturge St:17 Dx:10 Co:16 In:20 Wi:13 Ch:10 Chaotic S:15131 Dlvl:8 $:24 HP:0(61) Pw:97(118) AC:8 Exp:8 T:9700 Latest messages: You kill the gnomish wizard! You hear someone praising Ptah. The dwarf wields a dagger! You hit the dwarf! You hit the dwarf. You hit the dwarf! You hit the dwarf. You kill the dwarf! You hear the chime of a cash register. There are several objects here. P - a dagger. This door is locked. Unlock it with your skeleton key? [ynq] (q) y You succeed in unlocking the door. The door opens. You see here a brass lantern. You see here a brass lantern. Q - a brass lantern. You hear a nearby zap. You hear someone beseeching Ptah. This door is locked. Unlock it with your skeleton key? [ynq] (q) n The door opens. You hear the chime of a cash register. "Hello, jannis! Welcome to Noskcirdneh's hardware store!" You see here a candle (for sale, 13 zorkmids). You see here a stethoscope (for sale, 100 zorkmids). You see here an expensive camera (for sale, 267 zorkmids). Wait! That's a giant mimic! You hit the giant mimic. You hit the giant mimic! You hit the giant mimic. You hit the giant mimic. You hit the giant mimic. You hit the giant mimic. You hit the giant mimic. You hit the giant mimic. You hit the giant mimic. You hit the giant mimic. The giant mimic hits! The giant mimic hits again! You feel agile! You must have been working on your reflexes. What do you want to use or apply? [frvzBHK-MQ or ?*] B D - an uncursed potion of healing. The giant mimic hits! The giant mimic hits again! You die... Noskcirdneh gratefully inherits all your possessions. Do you want to see what you had when you died? [ynq] (y) q Inventory: Coins $ - 24 gold pieces Weapons P - a blessed +0 dagger h - a +0 dagger N - 3 +0 daggers S - a +0 dagger (weapon in hand) Armor p - an uncursed rusty +0 orcish helm (being worn) G - an uncursed +1 pair of speed boots (being worn) b - an uncursed burnt +0 cloak of magic resistance (being worn) Scrolls O - a cursed scroll of create monster Potions D - an uncursed potion of healing Rings W - an uncursed ring of free action (on right hand) e - an uncursed ring of poison resistance (on left hand) Wands f - a wand of cold (0:2) M - a wand of create monster (0:11) Tools B - an uncursed bag of holding containing 51 items z - a bag of tricks (0:17) v - a bag of tricks (0:16) Q - an uncursed brass lantern L - an uncursed magic lamp (lit) K - an uncursed skeleton key r - an uncursed towel H - a +0 unicorn horn Gems/Stones a - 2 uncursed amethyst stones w - an uncursed black opal d - an uncursed citrine stone Contents of the bag of holding: 6027 gold pieces a cursed amulet of restful sleep a cursed amulet of strangulation a +0 sling a +0 orcish dagger a blessed +1 quarterstaff 7 uncursed food rations an uncursed food ration 2 uncursed lizard corpses a blessed scroll of blank paper 12 uncursed scrolls of blank paper 2 uncursed scrolls of enchant armor 2 uncursed scrolls of enchant weapon an uncursed scroll of fire an uncursed scroll of identify an uncursed scroll of scare monster a blessed scroll of stinking cloud an uncursed scroll of teleportation an uncursed spellbook of blank paper an uncursed potion of booze 7 uncursed potions of water a cursed ring of aggravate monster a blessed -1 ring of gain constitution an uncursed ring of searching an uncursed ring of searching an uncursed ring of shock resistance a cursed ring of teleportation a cursed ring of teleportation an uncursed ring of warning a wand of cold (0:7) a wand of digging (0:8) a wand of digging (0:7) a wand of digging (0:4) a wand of locking (0:5) a wand of magic missile (0:0) a wand of make invisible (0:7) a wand of make invisible (0:6) a wand of polymorph (0:0) a wand of slow monster (0:5) a wand of speed monster (0:5) a wand of striking (0:0) a wand of teleportation (0:6) a wand of teleportation (0:6) a wand of undead turning (0:7) an uncursed tooled horn an uncursed leash a magic marker (0:97) a magic marker (0:57) an uncursed tin whistle an uncursed tin whistle an uncursed towel Jannis the Wizard's attributes: Background: You were a Thaumaturge, a level 8 male elven Wizard. You were chaotic, on a mission for Anhur who was opposed by Ptah (lawful) and Thoth (neutral). You were in the Gnomish Mines, on level 8. You entered the dungeon 9700 turns ago. You had 2155 experience points, 405 more were needed to attain level 9. Your score was 15131 before end-of-game adjustments. Basics: You had 0 out of 61 hit points. You had 97 out of 118 energy points (spell power). Your armor class was 8. Your wallet contained 24 zorkmids, and you had 6027 more stashed away in your pack. Autopickup was on, but temporarily disabled while inside the shop. Final Characteristics: Your strength was 17 (limit:18). Your dexterity was 10 (limit:18). Your constitution was 16 (limit:16). Your intelligence was 20 (limit:20). Your wisdom was 13 (limit:20). Your charisma was 10 (limit:18). Final Status: You were held by a giant mimic (south). You were not hungry. You were unencumbered. You were wielding a dagger. You were skilled in dagger. Final Attributes: You were piously aligned. You were magic-protected. You were sleep resistant. You were poison resistant. You were telepathic. You had infravision. You were warded. You were very fast. You had free action. You were lucky. You are dead. Miscellaneous: You never encountered a bones level. Total elapsed playing time was 3 hours, 13 minutes and 6 seconds. Major events: Turn 1: jannis the chaotic male elven Wizard entered the dungeon 1516: attained the rank of Conjurer (level 3) 4266: attained the rank of Thaumaturge (level 6) 4903: entered Sokoban 5197: completed 1st Sokoban level 5526: completed 2nd Sokoban level 5850: completed 3rd Sokoban level 7294: entered the Bigroom 9052: entered the Gnomish Mines 9485: reached Mine Town 9700: killed by a giant mimic Vanquished creatures: 2 small mimics a gelatinous cube an elf mummy a chameleon 2 giant beetles a cockatrice 2 leprechauns an iron piercer a giant spider an ice vortex 3 lizards a dog 2 dwarf leaders a white unicorn 2 dust vortices a raven a plains centaur a snake 6 water moccasins a human zombie a water nymph a Mordor orc an orc shaman 2 rock piercers 3 rock moles a pony 2 fog clouds 4 yellow lights a shrieker a violet fungus 8 gnome leaders 2 gnomish wizards a gray ooze 4 elf zombies a straw golem a paper golem 3 giant ants 5 floating eyes a kitten 6 dwarves 5 kobold leaders a kobold shaman 4 rothes 2 rabid rats a giant bat a monkey 4 orc zombies 4 dwarf zombies a werejackal 6 iguanas 3 acid blobs a coyote a gas spore 3 hobbits a large kobold 3 hobgoblins 3 giant rats 4 cave spiders 4 yellow molds a green mold 2 red molds 28 gnomes a garter snake 4 geckos 12 jackals 2 foxes a kobold 3 goblins 4 sewer rats 5 grid bugs 2 bats 6 lichens 4 kobold zombies 10 newts 218 creatures vanquished. No species were genocided or became extinct. Voluntary challenges: You read items or engraved 22 times. You engraved Elbereth 5 times. You never genocided any monsters. You never polymorphed an object. You never changed form. You used no wishes. You did not violate any of the special Sokoban rules. Achievements: You entered a shop. You attained the rank of Conjurer. You attained the rank of Thaumaturge. You entered Sokoban. You entered the Big Room. You entered the Gnomish Mines. You entered Minetown. The Dungeons of Doom: levels 1 to 10 Level 1: A sink, a grave. Level 2: An untended shop. Level 3: Level 4: A general store. Stairs down to The Gnomish Mines. Level 5: A grave. Level 6: Many fountains. Level 7: A fountain. Stairs up to Sokoban, level 6. Level 8: Some graves. Level 9: A throne, a fountain. Level 10: A very big room. The Gnomish Mines: levels 5 to 8 Level 5: Level 6: Level 7: Level 8: <- You were here. Many shops, many fountains. Final resting place for you, killed by a giant mimic. Sokoban: levels 6 up to 3 Level 3: Unsolved. Level 4: Solved. Level 5: Solved. Level 6: Solved. Game over: ---------- / \ / REST \ / IN \ / PEACE \ / \ | jannis | | 6051 Au | | killed by a | | giant mimic | | | | | | 2023 | *| * * * | * _________)/\\_//(\/(/\)/\//\/|_)_______ Goodbye jannis the Wizard... You died in The Gnomish Mines on dungeon level 8 with 14526 points, and 6051 pieces of gold, after 9700 moves. You were level 8 with a maximum of 61 hit points when you died.